Description

Maru's 2/1/1 into a 2 siege tank with 1/1 bio followup timing. This build is ripped from the VOD linked below to the best of my ability.

VOD

https://youtu.be/76cmNNTZz1A?t=834

Build Order

Get SALT Encoding   

  14  0:17  Supply Depot  
  16  0:39  Barracks  
  16  0:44  Refinery  
  19  1:18  Action - Rally 19th SCV to natural to build CC and rally barracks SCV to opponent base for scouting  
  19  1:27  Orbital Command  
  19  1:28  Reaper  
  20  1:41  Command Center  
  21  1:56  Barracks  
  21  2:00  Barracks Reactor  
  22  2:10  Supply Depot  
  22  2:14  Refinery  
  23  2:30  Factory  
  27  2:49  Barracks Tech Lab  
  27  2:54  Orbital Command  
  31  3:08  Stimpack  
  32  3:20  Starport  
  34  3:25  Factory Reactor  
  39  3:42  Supply Depot  
  48  4:06  Medivac, Supply Depot  
  51  4:08  Medivac  
  54  4:26  Engineering Bay x2  
  54  4:38  Barracks  
  59  4:39  Action, Factory Tech Lab - Load up medivacs with all marines and move out. Also start banking Orbital energy.  
  61  4:55  Refinery x2  
  61  4:57  Terran Infantry Weapons Level 1, Terran Infantry Armor Level 1  
  61  5:02  Supply Depot  
  62  5:05  Supply Depot  
  62  5:09  Siege Tank  
  70  5:20  Action - Float Starport off reactor and put new barracks on the reactor  
  70  5:22  Combat Shield  
  76  5:38  Supply Depot  
  77  5:40  Medivac  
  79  5:41  Siege Tank  
  86  5:53  Supply Depot  
  88  6:04  Supply Depot  
  91  6:13  Siege Tank  
  94  6:14  Action - Load up both tanks in completed medivac and boost across map with them  
  94  6:20  Armory  
  94  6:28  Command Center  
  96  6:33  Starport Reactor  
Spawning Tool Build Advisor. Get it on Overwolf

Analysis

Start banking scans about a minute before the initial push with the marines and medivacs.

To continue this build in general, get 2/2 and the widow mine upgrade once the armory completes, add on 2 more barracks and a factory. Get a reactor on the factory and one of the barracks along with a tech lab on the other barracks.

The upcoming patch shouldn't change how good this build is. If anything it will be better since creep will spread slower and the widow mine upgrade will help them a bit.

Go to:

Details

  • Created by: foqus  
  • Published on: Nov 19, 2018
  • Modified on: Nov 19, 2018
  • Patch: 4.0.0
Show
View Real Time Build Order
Export as new Build Order

Comments (0)

There are no comments. Be the first!

Create an account to comment!